Map: Dusk Towers

Players

Seohyun - Winner!

  • Race: Zerg Zerg

Mindele

  • Race: Terran Terran
  • League: Bronze

VOD

Have the link to the VOD?

Description

Time

  • Played on: May 14, 2016, 5:07 p.m.
  • Length: 4:35
Show
View Real Time Build Order
Export as new Build Order

Seohyun Zerg - Winner!

Build Orders: Hatch First, Zergling Baneling 

Get SALT Encoding   

  12  0:01  Drone  
  13  0:12  Overlord  
  14  0:21  Drone  
  14  0:31  Drone  
  14  0:32  Drone  
  14  0:35  Drone  
  17  0:45  Drone  
  18  0:57  Hatchery  
  17  1:09  Spawning Pool  
  16  1:14  Extractor  
  16  1:15  Drone  
  16  1:16  Drone  
  17  1:20  Drone  
  18  1:28  Drone  
  19  1:47  Overlord  
  19  1:50  Drone  
  20  1:57  Queen  
  20  1:58  Extractor  
  20  2:00  Overlord  
  21  2:11  Zergling x2  
  21  2:13  Zergling x2  
  23  2:15  Metabolic Boost  
  23  2:23  Zergling x2  
  24  2:37  Baneling Nest  
  24  2:39  Zergling x2  
  24  2:41  Zergling x2  
  24  2:42  Zergling x4  
  27  2:49  Zergling x2  
  28  2:55  Zergling x2  
  28  2:58  Zergling x2  
  30  3:10  Zergling x8  
  34  3:13  Zergling x2  
  35  3:24  Zergling x2  
  36  3:32  Zergling x4  
  36  3:34  Zergling x2  
  39  3:40  Zergling x6  
  42  3:53  Baneling x4  
  42  3:54  Baneling x2  
  42  3:55  Baneling x3  
  42  3:59  Zergling x2  
  43  4:03  Zergling x2  
Show
View Real Time Build Order
Export as new Build Order

Mindele Terran 

Build Orders:  

Get SALT Encoding   

  12  0:01  SCV  
  13  0:13  SCV  
  14  0:20  Supply Depot  
  14  0:25  SCV  
  15  0:41  SCV  
  16  0:43  Barracks  
  16  0:54  SCV  
  17  0:58  Barracks  
  17  1:04  Refinery  
  17  1:06  SCV  
  18  1:18  SCV  
  19  1:23  Refinery  
  19  1:31  Orbital Command  
  19  1:40  Supply Depot  
  19  1:43  Marine  
  20  1:47  Marine  
  21  1:57  SCV  
  22  2:04  Marine  
  23  2:09  SCV  
  23  2:12  Supply Depot  
  23  2:14  Marine  
  25  2:21  SCV  
  26  2:25  Barracks  
  26  2:33  SCV  
  29  2:40  Supply Depot  
  29  2:45  Reaper x2, SCV  
  30  2:58  SCV  
  31  3:01  Barracks  
  31  3:10  SCV  
  32  3:14  Marine  
  33  3:22  Marine x2, SCV  
  33  3:25  Supply Depot  
  36  3:31  Barracks  
  35  3:34  Marine, SCV  
  37  3:42  Marine  
  37  3:43  Marine  
  37  3:46  SCV  
  40  3:52  Marine  
  41  3:55  Supply Depot  
  41  3:57  Marine  
  41  3:58  SCV  
  41  4:02  Marine x2  
  45  4:10  SCV  
Tags
 
Add a new tag
Caveats
  • Supply blocks, unpowered buildings, or Contaminate may cause inaccurate times.
  • Supply counts are checked every 10 seconds.